cohdb
Replays
Latest Replays
All Replays
Popular Replays
Top Player Replays
Match Explorer
How It Works
Community
CoH3 Stats
Reddit
Sign in to upload your games and track your stats! →
Sign in with Steam
Match 46768915
Unlisted
Match 46768915
Overview
Messages
Build Orders
End
Panzergrenadier Squad
Selects Armored Support Battlegroup
Panzergrenadier Squad
250 Light Carrier
Construct Light Support Kompanie
MG34 Team
Selects Veteran Gunners
Selects Superior Fire Drills
Construct Mechanized Kompanie
Catstorm
Anime【エルフ】
Angrybirds
Tixi
0
0
Comments
sign in to comment!
No comments posted yet!